 Dungeon Crawl Stone Soup version 0.18.1-50-g88ac8fd (webtiles) character file.

42285 Drunkenshrew the Severer (level 13, -14/109 HPs)
             Began as a Red Draconian Berserker on Dec 12, 2016.
             Was a High Priest of Trog.
             Demolished by a death yak (15 damage)
             ... on level 8 of the Lair of Beasts.
             The game lasted 00:50:43 (13438 turns).

Drunkenshrew the Severer (Red Draconian Berserker) Turns: 13438, Time: 00:50:45

Health: -14/109    AC: 16    Str: 27 (30) XL:     13   Next: 84%
Magic:  13/13      EV: 20    Int:  4 (6)  God:    Trog [*****.]
Gold:   857        SH:  0    Dex: 16 (17) Spells: 0 memorised, 12 levels left

rFire  + . .     SeeInvis +     L - +7 executioner's axe (elec)
rCold  + . .     Gourm    .     (armour unavailable)
rNeg   + . .     Faith    +     (shield currently unavailable)
rPois  +         Spirit   .     U - +3 hat of Sin {rC+ rN+ Dex-2 SInv}
rElec  .         Dismiss  .     M - +0 cloak (curse)
rCorr  .         Reflect  .     k - +1 pair of gloves
SustAt .         Harm     .     H - +1 pair of boots {Stlth+}
MR     ++...                    F - amulet of faith
Stlth  +++.......               (no ring)
                                v - +3 ring of dexterity

@: mighty, exhausted, regenerating, slowed, very slow, very resistant to hostile
enchantments, fairly stealthy
A: breathe fire, unfitting armour, hooves 1, agile 1, blurry vision 1,
deterioration 2, dopey 1, fire resistance 1, frail 1, sense surroundings 1,
poison resistance, screaming 1, strong 2, cold-blooded, AC +8
a: Breathe Fire, Berserk, Trog's Hand, Brothers in Arms, Burn Spellbooks,
Renounce Religion


You were on level 8 of the Lair of Beasts.
You worshipped Trog.
Trog was extremely pleased with you.
You were hungry.

You visited 2 branches of the dungeon, and saw 18 of its levels.
You also visited: Sewer and Ossuary.

You collected 1213 gold pieces.
You spent 356 gold pieces at shops.

Inventory:

Hand Weapons
 B - a +1 hand axe of electrocution
 C - a +5 greatsling of evasion
 L - a +7 executioner's axe of electrocution (weapon)
Missiles
 D - 2 tomahawks of returning (quivered)
Armour
 k - a +1 pair of gloves (worn)
 o - a +2 hat
 H - a +1 pair of boots of stealth (worn)
 M - a cursed +0 cloak (worn)
 U - the +3 hat of Sin (worn) {rC+ rN+ Dex-2 SInv}
   (You acquired it on level 6 of the Lair of Beasts)

   It affects your dexterity (-2).
   It protects you from cold.
   It protects you from negative energy.
   It lets you see invisible.
Jewellery
 v - a +3 ring of dexterity (left hand)
 w - an uncursed amulet of the gourmand
 y - an uncursed ring of ice
 F - an amulet of faith (around neck)
Wands
 i - a wand of slowing (18/48)
 n - a wand of random effects (28/48)
 x - a wand of lightning (5/15)
 z - a wand of iceblast (6/15)
 E - a wand of digging (16/24)
 I - a wand of flame (14/48)
 J - a wand of iceblast (3/15)
 N - a wand of disintegration (17/24)
 P - a wand of disintegration (12/24)
 Q - a wand of random effects (36/48)
 W - a wand of random effects (33/48)
Scrolls
 d - 6 scrolls of recharging
 l - 3 scrolls of fog
 r - 8 scrolls of teleportation
 u - 4 scrolls of remove curse
 K - a scroll of fear
 T - a scroll of blinking
Potions
 e - 3 potions of cancellation
 f - 2 potions of magic
 g - 2 potions of heal wounds
 h - 6 potions of haste
 m - 3 potions of resistance
 p - 4 potions of curing
 q - 4 potions of flight
 t - a potion of might
 A - 3 potions of ambrosia
 V - a potion of invisibility
Books
 a - the Tome of the Entourage and Protection
   (You found it on level 2 of the Lair of Beasts)

   Spells                             Type                      Level
   a - Summon Butterflies             Summoning                    1
   b - Shroud of Golubria             Charms/Translocation         2
   c - Song of Slaying                Charms                       2
   d - Summon Lightning Spire         Summoning/Air                4
   e - Summon Forest                  Summoning/Translocation      5
   f - Aura of Abjuration             Summoning                    5
   Trog disapproves of the use of such an item.
 R - a book of Transfigurations

   Spells                             Type                      Level
   a - Irradiate                      Conjuration/Transmutation    5
   b - Statue Form                    Transmutation/Earth          6
   c - Hydra Form                     Transmutation                6
   d - Dragon Form                    Transmutation                7
   Trog disapproves of the use of such an item.
Miscellaneous
 O - a fan of gales
Comestibles
 b - 10 bread rations
 c - 4 meat rations
 j - 2 beef jerkies
 s - 16 royal jellies
 G - 25 fruits
 S - 10 chunks of flesh


   Skills:
 - Level 13.2 Fighting
 + Level 16.9 Axes
 - Level 11.0 Dodging


You had 12 spell levels left.
You didn't know any spells.

Dungeon Overview and Level Annotations

Branches:
Dungeon (10/15)            Temple (0/1) D:5            Lair (8/8) D:10
  Swamp (0/4) Lair:5       Spider (0/4) Lair:5        Slime (0/6) Lair:8
    Orc: D:9-12

Altars:
Ashenzari
Elyvilon
Fedhas
Gozag
Kikubaaqudgha
Makhleb
Nemelex Xobeh
Okawaru
Pakellas
Qazlal
Sif Muna
Yredelemnul
Zin
The Shining One
Jiyva

Shops:
D:7 *


Innate Abilities, Weirdness & Mutations

You can breathe blasts of fire.
Your fiery red scales are hard (AC +8).
Your body does not fit into most forms of armour.
Your flesh is heat resistant.
You are cold-blooded and may be slowed by cold attacks.
You have large cloven feet.
You are agile. (Dex +2)
Scrolls take you a little longer to read.
Your body often deteriorates upon taking damage.
You are dopey. (Int -2)
You are frail (-10% HP).
You passively map a small area around you.
Your system is resistant to poisons.
You occasionally shout uncontrollably at your foes.
Your muscles are very strong. (Str +4)


Message History

A basilisk and a river rat come into view.
The basilisk hisses angrily.
You slice the death yak!! You tail-slap the death yak!
The death yak is moderately wounded.
You closely miss the polar bear.
The polar bear is almost dead.
You slice the death yak!!
The death yak is heavily wounded.
You slice the death yak!!
The death yak is moderately wounded.
The death yak gores you!
* * * LOW HITPOINT WARNING * * *
Your body deteriorates!
You feel weakened. The death yak closely misses you.
The polar bear goes berserk!
The death yak gores you!
* * * LOW HITPOINT WARNING * * *
The death yak gores you.
* * * LOW HITPOINT WARNING * * *
The death yak gores you!
You die... , * #...........
Y. ............. lrr , * ...#..P....P# YrP

, ,............##YY
, ,
..............#,, ,
* ......P...rYY# *
...^.P..PhYY#* ..,
* , .....P....@Y#
P..
....#..÷.%..#.PPP *
*P.#...†).P##...P*
#.....††..P...#.. *
,
.!.P...........#P,
.................,,
, #....#.......####
Y....
#..####.....## ,,
Y#.... #.. #.#...##
* ** ....P


You could see 5 death yaks, a polar bear (berserk), 4 yaks, a basilisk and 4
river rats.

Vanquished Creatures
  Gastronok (Lair:2)
  2 hydras
  A catoblepas (Lair:3)
  7 death yaks
  Nergalle (Lair:4)
  A lindwurm (Lair:7)
  2 griffons
  4 elephants (Lair:4)
  Joseph (D:7)
  2 black mambas
  2 guardian serpents (D:10)
  A centaur skeleton (D:10)
  12 spiny frogs
  3 komodo dragons
  3 rime drakes
  2 trolls
  A queen bee (Lair:3)
  20 blink frogs
  2 wyverns
  50 yaks
  4 basilisks
  Grum (D:10)
  A steam dragon (D:10)
  Menkaure (D:7)
  8 hippogriffs
  A soldier ant (D:8)
  9 water moccasins
  11 porcupines
  3 ice beasts
  2 sky beasts
  A necrophage (D:8)
  3 ogres
  2 wasps (D:8)
  14 wolves
  6 centaurs
  18 crocodiles
  3 big kobolds
  13 giant frogs
  4 scorpions
  15 killer bees (Lair:3)
  4 wights (D:8)
  An electric eel (Lair:5)
  2 vampire bats (Lair:2)
  2 howler monkeys
  A wasp zombie (D:8)
  4 crimson imps
  A giant frog zombie (D:7)
  4 centaur zombies
  A quasit (D:8)
  A human zombie (Ossuary)
  2 orc priests (D:6)
  6 jellies
  6 orc wizards
  3 hounds
  6 iguanas
  A giant frog skeleton (D:5)
  Ijyb (D:2)
  5 worker ants
  15 sheep
  2 big kobold zombies (Ossuary)
  2 hound skeletons
  3 mummies (Ossuary)
  5 gnolls
  21 adders
  39 river rats
  4 oozes
  An adder skeleton (D:4)
  An adder zombie (D:9)
  5 worms
  2 dart slugs (D:1)
  7 giant geckos
  29 orcs
  8 giant cockroaches
  5 goblins
  12 hobgoblins
  5 jackals
  18 kobolds
  6 quokkas
  2 ball pythons
  A ball python zombie (D:6)
  17 bats
  A giant gecko skeleton (D:6)
  10 giant newts
  A kobold zombie (Ossuary)
  An orc zombie (Ossuary)
  A quokka zombie (D:6)
  12 rats
  A spectral orc (D:5)
  6 fungi
  9 plants
541 creatures vanquished.

Vanquished Creatures (others)
  4 fungi
  A plant (Lair:5)
5 creatures vanquished.

Grand Total: 546 creatures vanquished

Notes
Turn   | Place    | Note
--------------------------------------------------------------
     0 | D:1      | Drunkenshrew the Draconian Berserker began the quest for the Orb.
     0 | D:1      | Reached XP level 1. HP: 19/19 MP: 1/1
   222 | D:1      | Reached XP level 2. HP: 26/26 MP: 2/2
   811 | D:2      | Noticed Ijyb
   823 | D:2      | Killed Ijyb
   823 | D:2      | Reached XP level 3. HP: 31/33 MP: 3/3
   841 | D:2      | Reached ** piety under Trog
   852 | D:2      | Reached skill level 4 in Axes
   892 | D:2      | Reached XP level 4. HP: 32/40 MP: 4/4
   955 | D:2      | Found an iron altar of Okawaru.
  1223 | D:2      | Reached skill level 5 in Fighting
  1226 | D:2      | Reached XP level 5. HP: 48/48 MP: 5/5
  1463 | D:3      | Found a glowing drain.
  1467 | D:3      | Reached *** piety under Trog
  1484 | D:3      | Reached skill level 5 in Axes
  1505 | Sewer    | Entered a sewer
  1861 | D:3      | Reached XP level 6. HP: 20/56 MP: 6/6
  2054 | D:3      | Reached **** piety under Trog
  2080 | D:3      | Reached skill level 6 in Axes
  2269 | D:3      | Found a glowing golden altar of the Shining One.
  2636 | D:4      | Your scales start taking on a fiery red colour.
  2636 | D:4      | Reached XP level 7. HP: 14/64 MP: 2/7
  2636 | D:4      | Gained mutation: Your flesh is heat resistant. [Red Draconian growth]
  2883 | D:4      | You fall through a shaft for 2 floors!
  3003 | D:5      | Entered Level 5 of the Dungeon
  3012 | D:5      | Found a stormy altar of Qazlal.
  3013 | D:5      | Found an ancient bone altar of Kikubaaqudgha.
  3018 | D:5      | Found a glowing silver altar of Zin.
  3061 | D:5      | Found a staircase to the Ecumenical Temple.
  3102 | D:5      | Reached skill level 7 in Axes
  3147 | D:5      | Found a sand-covered staircase.
  3153 | Ossuary  | Entered an ossuary
  3370 | Ossuary  | Reached XP level 8. HP: 62/73 MP: 6/8
  3419 | D:5      | Found a blossoming altar of Fedhas.
  3448 | D:5      | Reached skill level 8 in Axes
  3541 | D:5      | Found a burning altar of Makhleb.
  3624 | D:5      | Found a basalt altar of Yredelemnul.
  3692 | D:5      | Found a sparkling altar of Nemelex Xobeh.
  3786 | D:5      | Found a sparkling altar of Nemelex Xobeh.
  3906 | D:6      | Found a deep blue altar of Sif Muna.
  3985 | D:6      | Reached skill level 9 in Axes
  4363 | D:6      | Reached ***** piety under Trog
  4608 | D:7      | Found Zir Zybiz's Assorted Antiques.
  4617 | D:7      | Reached XP level 9. HP: 83/83 MP: 9/9
  4626 | D:7      | Reached skill level 5 in Dodging
  4694 | D:7      | Bought a crude flail for 263 gold pieces
  4694 | D:7      | Bought a glowing hand axe for 93 gold pieces
  4695 | D:7      | Identified the cursed +0 flail "Ympuijir" {elec, rC+} (You bought it in a shop on level 7 of the Dungeon)
  4829 | D:7      | Noticed Joseph
  4846 | D:7      | Killed Joseph
  4870 | D:7      | Noticed Menkaure
  4878 | D:7      | Killed Menkaure
  4979 | D:7      | Found an opulent altar of Gozag.
  5131 | D:7      | Received a gift from Trog
  5342 | D:8      | Found a white marble altar of Elyvilon.
  5478 | D:8      | Reached XP level 10. HP: 85/91 MP: 8/10
  5572 | D:8      | Reached skill level 10 in Fighting
  6015 | D:9      | Gained mutation: Your system is resistant to poisons. [mutagenic meat]
  6016 | D:9      | Gained mutation: You have large cloven feet. [mutagenic meat]
  6017 | D:9      | Gained mutation: Your muscles are strong. (Str +2) [mutagenic meat]
  6018 | D:9      | Gained mutation: Your body sometimes deteriorates upon taking damage. [mutagenic meat]
  6020 | D:9      | Gained mutation: Scrolls take you a little longer to read. [mutagenic meat]
  6123 | D:9      | Found an oddly glowing altar of Pakellas.
  6355 | D:10     | Entered Level 10 of the Dungeon
  6413 | D:10     | Noticed a guardian serpent
  6422 | D:10     | Killed a guardian serpent
  6430 | D:10     | Gained mutation: You are agile. (Dex +2) [mutagenic meat]
  6431 | D:10     | Gained mutation: You occasionally shout uncontrollably at your foes. [mutagenic meat]
  6523 | D:10     | Found a shattered altar of Ashenzari.
  6679 | D:10     | Reached skill level 10 in Axes
  6756 | D:10     | Found a staircase to the Lair.
  6946 | D:10     | Noticed Grum
  6949 | D:10     | Reached skill level 11 in Axes
  6957 | D:10     | Killed Grum
  7064 | D:10     | Reached XP level 11. HP: 101/101 MP: 11/11
  7124 | D:10     | Gained mutation: Your body often deteriorates upon taking damage. [mutagenic meat]
  7125 | D:10     | Gained mutation: You are frail (-10% HP). [mutagenic meat]
  7129 | D:10     | Gained mutation: Your muscles are very strong. (Str +4) [potion of mutation]
  7129 | D:10     | Gained mutation: You are dopey. (Int -2) [potion of mutation]
  7130 | D:10     | Gained mutation: You passively map a small area around you. [potion of mutation]
  7189 | D:10     | Reached skill level 12 in Axes
  7377 | Lair:1   | Entered Level 1 of the Lair of Beasts
  7503 | Lair:1   | Received a gift from Trog
  8275 | Lair:2   | Identified the Tome of the Entourage and Protection
  8318 | Lair:2   | Noticed Gastronok
  8332 | Lair:2   | Killed Gastronok
  8332 | Lair:2   | Reached skill level 13 in Axes
  8571 | Lair:2   | Noticed a six-headed hydra
  8581 | Lair:2   | Killed a 12-headed hydra
  8615 | Lair:2   | Reached skill level 14 in Axes
  9132 | Lair:3   | Noticed a catoblepas
  9138 | Lair:3   | Killed a catoblepas
  9196 | Lair:3   | Reached XP level 12. HP: 70/98 MP: 12/12
  9219 | Lair:3   | Noticed a seven-headed hydra
  9229 | Lair:3   | HP: 3/147 [12-headed hydra (7)]
  9231 | Lair:3   | Killed a 14-headed hydra
  9888 | Lair:4   | Noticed Nergalle
  9893 | Lair:4   | Killed Nergalle
 10494 | Lair:4   | Noticed a death yak
 10505 | Lair:4   | Killed a death yak
 10505 | Lair:4   | Reached skill level 10 in Dodging
 10506 | Lair:4   | Noticed a death yak
 10506 | Lair:4   | Noticed a death yak
 10508 | Lair:4   | Noticed a death yak
 10523 | Lair:4   | Killed a death yak
 10525 | Lair:4   | Killed a death yak
 10528 | Lair:4   | Killed a death yak
 10528 | Lair:4   | Received a gift from Trog
 10793 | Lair:5   | Reached ****** piety under Trog
 10869 | Lair:5   | Found a staircase to the Swamp.
 10928 | Lair:5   | Found a hole to the Spider Nest.
 11039 | Lair:5   | Received a gift from Trog
 11331 | Lair:5   | Identified a scroll of acquirement
 11537 | Lair:6   | Reached XP level 13. HP: 109/109 MP: 13/13
 11887 | Lair:6   | Got a warped hat
 11898 | Lair:6   | Identified the +3 hat of Sin {rC+ rN+ Dex-2 SInv} (You acquired it on level 6 of the Lair of Beasts)
 12075 | Lair:7   | Reached skill level 15 in Axes
 12229 | Lair:7   | Received a gift from Trog
 12771 | Lair:7   | Reached skill level 16 in Axes
 13048 | Lair:8   | Entered Level 8 of the Lair of Beasts
 13260 | Lair:8   | Found a runed door.
 13260 | Lair:8   | Found a viscous altar of Jiyva.
 13260 | Lair:8   | Found a staircase to the Slime Pits.
 13413 | Lair:8   | Received a gift from Trog
 13438 | Lair:8   | HP: 4/109 [death yak (12)]
 13438 | Lair:8   | HP: 1/109 [death yak (3)]
 13438 | Lair:8   | Demolished by a death yak

Skill      XL: |  1  2  3  4  5  6  7  8  9 10 11 12 13 |
---------------+----------------------------------------+-----
Dodging        | 3 8 11 | 11.0
Fighting       | 4 5 6 7 9 11 13 | 13.2
Axes           | 4 5 6 7 9 11 14 16 | 16.9

Action                   |  1- 3 |  4- 6 |  7- 9 | 10-12 | 13-15 || total
-------------------------+-------+-------+-------+-------+-------++-------
Melee: Hand axe          |    70 |   147 |    83 |   634 |       ||   934
       Tailslap          |     6 |    30 |    48 |   119 |    32 ||   235
       War axe           |       |   118 |     9 |       |       ||   127
       Battleaxe         |       |       |   220 |       |       ||   220
       Kick              |       |       |       |   238 |       ||   238
       Executioner's axe |       |       |       |    12 |   227 ||   239
Invok: Berserk           |     1 |     4 |     5 |    17 |     5 ||    32
       Trog's Hand       |       |     2 |     3 |    13 |     5 ||    23
  Use: Scroll            |       |     5 |    22 |    17 |     2 ||    46
       Potion            |       |       |       |    11 |     4 ||    15
 Stab: Sleeping          |       |     2 |     3 |     1 |     5 ||    11
  Eat: Chunk             |     1 |     9 |    14 |    43 |     8 ||    75
       Pizza             |       |       |     1 |     1 |       ||     2
       Beef jerky        |       |       |     1 |       |       ||     1
       Royal jelly       |       |       |       |     2 |     2 ||     4
Armor: Skin              |    26 |   108 |    89 |   127 |    68 ||   418
Dodge: Dodged            |    45 |   180 |   200 |   495 |   271 ||  1191
